cohdb
Replays
Latest Replays
All Replays
Popular Replays
Top Player Replays
Match Explorer
How It Works
Community
CoH3 Stats
Reddit
Sign in to upload your games and track your stats! →
Sign in with Steam
Match 25304032
Unlisted
Match 25304032
Overview
Messages
Build Orders
End
Construct Weapon Support Center
Selects Airborne Battlegroup
Selects Heavy Machine Gun Paradrop
Heavy Machine Gun Paradrop
Bazooka Squad
Construct Medical Station
Engineer Squad
Mechanized Support Center
Selects Paratrooper Squad Paradrop
Paratrooper Squad Paradrop
Paratrooper Squad Paradrop
M16 Multiple Gun Motor Carriage
Paratrooper Squad Paradrop
Paratrooper Squad Paradrop
Paratrooper Squad Paradrop
Improved M9 Bazooka Rockets
Construct Motor Pool
Selects Recon Loiter
Selects Supply Drop
Soapp5
KyojinTIME
MonoChrome
captain_spicy925
mang171
15832000298
0
0
Comments
sign in to comment!
No comments posted yet!